 Dungeon Crawl Stone Soup version 0.25-a0-280-gfa4545f159 (webtiles) character file.

Game seed: 12815776742424805031, levelgen mode: deterministic

86 night the Grasshopper (level 4, -4/35 HPs)
             Began as a Demonspawn Warper on Dec 10, 2019.
             Slain by a sky beast (5 damage)
             ... on level 3 of the Dungeon.
             The game lasted 00:06:55 (3481 turns).

night the Grasshopper (Demonspawn Warper)           Turns: 3481, Time: 00:06:55

Health: -4/35      AC:  6    Str: 11    XL:     4   Next: 26%
Magic:  2/7        EV: 11    Int: 16    God:
Gold:   79         SH:  0    Dex: 12    Spells: 3/7 levels left

rFire    . . .     SeeInvis .     - Unarmed
rCold    . . .     Gourm    .   (no shield)
rNeg     . . .     Faith    .   a - +0 leather armour
rPois    .         Spirit   .   (no helmet)
rElec    .         Reflect  .   (no cloak)
rCorr    .         Harm     .   (no gloves)
MR       .....                  h - +0 pair of boots
Stlth    +.........             (no amulet)
HPRegen  0.11/turn              (no ring)
MPRegen  0.10/turn              (no ring)

@: very slightly contaminated
A: yellow scales 1
a: no special abilities


You were on level 3 of the Dungeon.
You were not hungry.

You visited 1 branch of the dungeon, and saw 4 of its levels.

You collected 79 gold pieces.

Inventory:

Missiles
 b - 90 stones (quivered)
 d - 5 boomerangs of dispersal
 o - 10 bolts
Armour
 a - a +0 leather armour (worn)
 h - a +0 pair of boots (worn)
Scrolls
 c - 2 scrolls of blinking
 e - 3 scrolls of enchant armour {unknown}
 g - 4 scrolls of identify {unknown}
 j - a scroll of teleportation {unknown}
 k - a scroll of amnesia {unknown}
 l - a scroll of enchant weapon {unknown}
 m - 3 scrolls of magic mapping {unknown}
Potions
 i - a potion of agility {unknown}
 n - 2 potions of might {unknown}
 p - a potion of lignification {unknown}
Comestibles
 f - 4 rations


   Skills:
 + Level 3.0 Fighting
 - Level 0.8 Throwing
 - Level 0.8 Armour
 - Level 1.7 Dodging
 + Level 2.7 Unarmed Combat
 - Level 2.2 Spellcasting
 + Level 3.2 Translocations


You had 3 spell levels left.
You knew the following spells:

 Your Spells              Type           Power        Failure   Level  Hunger
a - Blink                 Tloc           N/A          11%         2    ###....
b - Shroud of Golubria    Chrm/Tloc      #.....       21%         2    ###....

Your spell library contained the following spells:

 Spells                   Type           Power        Failure   Level  Hunger
 Gell's Gravitas          Tloc           ##........   21%         3    ###....
 Lesser Beckoning         Tloc           ##........   21%         3    ###....
 Teleport Other           Tloc           ##......     21%         3    ###....
 Passage of Golubria      Tloc           N/A          56%         4    #####..


Dungeon Overview and Level Annotations

Branches:
Dungeon (4/15)
 Temple: D:4-7

Altars:
Okawaru
Vehumet

Annotations:
D:4 Dowan


Innate Abilities, Weirdness & Mutations

You are partially covered in yellow scales. (AC +2)


Message History

The sky beast closely misses you.
You hit the sky beast but do no damage.
The sky beast is moderately wounded.
The sky beast misses you.
You closely miss the sky beast.
The sky beast is moderately wounded.
The sky beast hits you but does no damage.
You closely miss the sky beast.
The sky beast is moderately wounded.
The sky beast hits you but does no damage.
You hit the sky beast but do no damage.
The sky beast is moderately wounded.
The sky beast hits you. The sky beast shocks you.
* * * LOW HITPOINT WARNING * * *
You closely miss the sky beast.
The sky beast is moderately wounded.
The sky beast hits you.
* * * LOW HITPOINT WARNING * * *
The sky beast shocks you.
You die...

.... ... ... ..# ##########
#.# # ##........# #.#.#
#.........######Y#.# .#
#.........'.....@..# .#
#.........######.#########.#
..........+{.............#.#
.#........#######.######.#.#
.#........# #..# #.#.##
.....###### ##.## #.#..#
.....# #..# #..#.### ....##
##.## #..._..# ....#
######..###.##.#.###


You could see a sky beast.

Vanquished Creatures
  A gnoll (D:1)
  An adder (D:2)
  An ooze (D:1)
  2 worms (D:2)
  A dart slug (D:1)
  3 leopard geckos
  3 orcs (D:4)
  7 bats
  2 giant cockroaches (D:2)
  5 goblins
  7 hobgoblins
  2 jackals (D:1)
  6 kobolds
  A quokka (D:2)
  3 frilled lizards
  3 rats
48 creatures vanquished.

Vanquished Creatures (others)
  A goblin (D:3)
1 creature vanquished.

Grand Total: 49 creatures vanquished

Notes
Turn   | Place    | Note
-------+----------+-------------------------------------------
     0 | D:1      | night the Demonspawn Warper began the quest for the Orb.
     0 | D:1      | Reached XP level 1. HP: 16/16 MP: 3/3
   241 | D:1      | Gained mutation: You are partially covered in yellow
                  | scales. (AC +2) [demonic ancestry]
   241 | D:1      | Reached XP level 2. HP: 20/22 MP: 5/5
   449 | D:1      | Learned a level 2 spell: Blink
   793 | D:1      | Reached XP level 3. HP: 22/28 MP: 6/6
  1154 | D:2      | Found a radiant altar of Vehumet.
  1678 | D:1      | Learned a level 2 spell: Shroud of Golubria
  2068 | D:2      | Reached XP level 4. HP: 29/34 MP: 7/7
  2994 | D:3      | Found a faded altar of an unknown god.
  3097 | D:3      | Found an iron altar of Okawaru.
  3192 | D:3      | Noticed a sky beast
  3226 | D:4      | Noticed Dowan
  3481 | D:3      | HP: 1/35 [sky beast (5)]
  3481 | D:3      | Slain by a sky beast

Levels and vault maps discovered:
D:1:      dpeg_arrival_rooms_with_view, layout_loops_corners
D:2:      layout_rooms, vehumet_crystals
D:3:      layout_basic, yredelemnul_altar_generic, elyvilon_altar_4,
          lemuel_crystal_altar, chequers_ecumenical_altar_twisty
D:4:      layout_loops_ring, minmay_misc_feat_secret_circle, st_stairs_9,
          minmay_misc_feat_four_crosses, kennysheep_generic_room_4, uniq_duvessa

Skill      XL: |  1  2  3  4 |
---------------+-------------+-----
Unarmed Combat | 2 |  2.7
Translocations | 3 |  3.2
Fighting       | 3 |  3.0
Throwing       | |  0.8
Armour         | |  0.8
Dodging        | |  1.7
Spellcasting   | |  2.2

Action                   |  1- 3 |  4- 6 || total
-------------------------+-------+-------++-------
Melee: Unarmed           |   159 |    66 ||   225
       Punch             |     1 |     1 ||     2
Throw: Stone             |    22 |     2 ||    24
 Cast: Blink             |     1 |       ||     1
       Shroud of Golubri |     2 |     6 ||     8
  Eat: Chunk             |     4 |     2 ||     6
       Ration            |       |     1 ||     1
Armor: Leather armour    |    36 |    22 ||    58
Dodge: Dodged            |    77 |    34 ||   111

Table legend:
 A = Non-vault XP
 B = Vault XP
 C = Vault XP percentage of total XP
 D = Non-vault monster count
 E = Vault monster count
 F = Vault count percentage of total count
                 A         B        C        D         E       F
            +---------+---------+-------+---------+---------+-------
      Total |     121 |       2 |   1.6 |      46 |       2 |   4.2
            +---------+---------+-------+---------+---------+-------
        D:1 |      48 |       2 |   4.0 |      16 |       2 |  11.1
        D:2 |      58 |       0 |   0.0 |      23 |       0 |   0.0
        D:3 |       6 |       0 |   0.0 |       4 |       0 |   0.0
        D:4 |       9 |       0 |   0.0 |       3 |       0 |   0.0
            +---------+---------+-------+---------+---------+-------
